 Dungeon Crawl Stone Soup version 0.20.1-1-g8b1a95d (webtiles) character file.

520 KingStallion the Chiller (level 7, -1/51 HPs)
             Began as a Barachi Ice Elementalist on Aug 9, 2017.
             Slain by a scorpion (9 damage)
             ... on level 3 of the Dungeon.
             The game lasted 00:22:31 (4982 turns).

KingStallion the Chiller (Barachi Ice Elementalist) Turns: 4982, Time: 00:22:32

Health: -1/51      AC:  4    Str: 10    XL:     7   Next: 21%
Magic:  10/12      EV: 12    Int: 17    God:
Gold:   185        SH:  4    Dex: 14    Spells: 6/13 levels left

rFire    x . .     SeeInvis .   f - staff of summoning
rCold    + . .     Gourm    .   j - +0 buckler
rNeg     . . .     Faith    +   a - +0 robe
rPois    .         Spirit   .   o - +0 helmet
rElec    .         Reflect  .   (no cloak)
rCorr    .         Harm     .   (no gloves)
MR       .....     Rnd*Rage +   l - +0 pair of boots
Stlth    ++........             i - amulet of faith
Regen    0.2/turn               p - ring of ice
MPRegen  0.2/turn               (no ring)

@: slow
A: +LOS, swims, agile 1, berserk 1, slowness 1, evolution 1, strong legs 1
a: Hop


You were on level 3 of the Dungeon.
You were hungry.

You visited 1 branch of the dungeon, and saw 5 of its levels.
You also visited: Sewer.

You collected 185 gold pieces.

Inventory:

Hand Weapons
 q - a +2 dagger of draining
 r - a +3 short sword
 u - a +2 short sword of venom
Armour
 a - a +0 robe (worn)
 j - a +0 buckler (worn)
 l - a +0 pair of boots (worn)
 o - a +0 helmet (worn)
Magical Staves
 f - an uncursed staff of summoning (weapon)
Jewellery
 i - an amulet of faith (around neck)
 p - a ring of ice (left hand)
Wands
 k - a wand of lightning (1/15)
Scrolls
 d - 2 scrolls of recharging
 e - 4 scrolls of identify
 h - 3 scrolls of magic mapping
Potions
 m - a potion of agility
 n - 4 potions of curing
 s - 3 potions of might
 t - 2 potions of flight
Books
 b - a book of Frost

   Spells                             Type                      Level
   a - Freeze                         Ice                          1
   b - Throw Frost                    Conjuration/Ice              2
   c - Ozocubu's Armour               Charms/Ice                   3
   d - Throw Icicle                   Conjuration/Ice              4
   e - Summon Ice Beast               Ice/Summoning                4
Comestibles
 c - 5 bread rations


   Skills:
 * Level 2.6 Fighting
 * Level 2.1 Staves
 * Level 2.9 Armour
 + Level 2.7 Dodging
 + Level 2.2 Stealth
 + Level 0.9 Shields
 + Level 0.2 Unarmed Combat
 * Level 3.6 Spellcasting
 + Level 1.1 Conjurations
 * Level 2.6 Summonings
 * Level 5.7 Ice Magic


You had 6 spell levels left.
You knew the following spells:

 Your Spells              Type           Power        Failure   Level  Hunger
a - Freeze                Ice            ####         2%          1    None
b - Throw Frost           Conj/Ice       ###...       9%          2    ##.....
c - Summon Ice Beast      Ice/Summ       #####...     38%         4    ####...


Dungeon Overview and Level Annotations

Branches:
Dungeon (5/15)
 Temple: D:4-7

Altars:
Ashenzari


Innate Abilities, Weirdness & Mutations

Shadows flee at your approach. (+LOS)
You can swim through water.
You cover ground slowly.
You can hop short distances.
You are agile. (Dex +2)
You tend to lose your temper in combat.
You evolve.


Message History

Aiming: Freeze
Press: ? - help, Shift-Dir - straight line, f - orc
Aim: an orc, wielding a hand axe You feel a surge of power!
You freeze the orc.
The orc is lightly wounded.
The scorpion stings you.
* * * LOW HITPOINT WARNING * * *
The orc hits you with a hand axe.
* * * LOW HITPOINT WARNING * * *
Casting: Freeze
Confirm with . or Enter, or press ? or * to list all spells.
Aiming: Freeze
Press: ? - help, Shift-Dir - straight line, f/p - orc
Aim: an orc, wielding a hand axe (lightly wounded)
You feel a surge of power!
You freeze the orc.
You kill the orc!
The scorpion stings you.
* * * LOW HITPOINT WARNING * * *
The scorpion stings you!
You die...

#######..#.###...#########.##
.#....'..#.# #...# #.#
.#[...().#.# #...# #.#
#######..#.# #...# #.#
.#(.#....#.###...# #.#
.#รท'#.#..........# #.#####
........##.####..# #.....#
####.#####.# ##.# #####.#
.....# #.# #@#############.#
####.#####.#
#>s...........#.## #.......#
###..............# #########
#.........###.####
###.#####.# #.# #.# #.# #.#
### #.# #.# #.# #.# #.# #.#


You could see a scorpion.

Vanquished Creatures
  A water moccasin skeleton (D:4)
  A bullfrog skeleton (D:4)
  An orc priest (D:4)
  An orc wizard (D:4)
  An iguana (D:4)
  Ijyb (D:3)
  2 worker ants (D:4)
  Robin (D:3)
  5 adders
  3 oozes
  A worm (D:2)
  2 dart slugs
  4 leopard geckos
  7 orcs
  5 ball pythons
  6 giant cockroaches
  16 goblins
  13 hobgoblins
  3 jackals
  26 kobolds
  4 quokkas
  A ball python skeleton (D:4)
  10 bats
  6 frilled lizards
  2 leopard gecko skeletons (D:4)
  11 rats
134 creatures vanquished.

Vanquished Creatures (collateral kills)
  A centaur (D:5)
  A worker ant (D:4)
2 creatures vanquished.

Grand Total: 136 creatures vanquished

Notes
Turn   | Place    | Note
-------+----------+-------------------------------------------
     0 | D:1      | KingStallion the Barachi Ice Elementalist began the quest for the Orb.
     0 | D:1      | Reached XP level 1. HP: 13/13 MP: 3/3
    90 | D:1      | Reached skill level 4 in Ice Magic
    90 | D:1      | Reached XP level 2. HP: 6/19 MP: 0/5
   456 | D:1      | Reached XP level 3. HP: 14/25 MP: 0/6
  1577 | D:1      | Gained mutation: You are partially covered in thin metallic scales. (AC +2) [potion of mutation]
  1577 | D:1      | Gained mutation: You evolve. [potion of mutation]
  1583 | D:2      | Reached skill level 1 in Armour
  1757 | D:2      | Lost mutation: You are partially covered in thin metallic scales. (AC +2) [evolution]
  1847 | D:2      | Reached XP level 4. HP: 19/31 MP: 4/8
  1882 | D:2      | Reached skill level 1 in Fighting
  1904 | D:3      | Found a shattered altar of Ashenzari.
  1999 | D:3      | Learned a level 2 spell: Throw Frost
  2042 | D:3      | Found a glowing drain.
  2073 | Sewer    | Entered a sewer
  2210 | Sewer    | Learned a level 4 spell: Summon Ice Beast
  2354 | Sewer    | Gained mutation: You tend to lose your temper in combat. [evolution]
  2595 | D:3      | Noticed Robin
  2625 | D:3      | Reached XP level 5. HP: 17/37 MP: 7/9
  2644 | D:3      | Killed Robin
  2974 | D:3      | Reached skill level 1 in Summonings
  2979 | D:3      | Reached skill level 5 in Ice Magic
  3238 | D:3      | Noticed Ijyb
  3256 | D:3      | Killed Ijyb
  3327 | D:3      | Reached skill level 1 in Staves
  3585 | D:4      | Reached XP level 6. HP: 44/44 MP: 6/10
  4113 | D:5      | Entered Level 5 of the Dungeon
  4260 | D:5      | Reached XP level 7. HP: 7/51 MP: 4/12
  4701 | D:4      | Gained mutation: You are agile. (Dex +2) [evolution]
  4982 | D:3      | Slain by a scorpion

Skill      XL: |  1  2  3  4  5  6  7 |
---------------+----------------------+-----
Ice Magic      | 4 5 |  5.7
Armour         | 1 2 |  2.9
Fighting       | 1 2 |  2.6
Stealth        | 2 |  2.2
Spellcasting   | 3 |  3.6
Summonings     | 1 2 |  2.6
Staves         | 1 2 |  2.1
Dodging        | |  2.7
Shields        | |  0.9
Unarmed Combat | |  0.2
Conjurations   | |  1.1

Action                   |  1- 3 |  4- 6 |  7- 9 || total
-------------------------+-------+-------+-------++-------
Melee: Unarmed           |    54 |     1 |       ||    55
       Staff             |       |   205 |    33 ||   238
 Cast: Freeze            |    76 |    83 |     7 ||   166
       Throw Frost       |       |     2 |       ||     2
       Summon Ice Beast  |       |     2 |       ||     2
Evoke: Wand              |       |     2 |       ||     2
  Use: Potion            |     3 |     5 |       ||     8
       Scroll            |       |     6 |       ||     6
 Stab: Sleeping          |     2 |     4 |       ||     6
  Eat: Chunk             |     4 |    10 |     2 ||    16
Armor: Robe              |    18 |    97 |     3 ||   118
       Skin              |       |     6 |       ||     6
Dodge: Dodged            |    75 |   234 |    31 ||   340
Block: Buckler           |     3 |    50 |     9 ||    62
